 Dungeon Crawl Stone Soup version 0.25-a0-10-g2fe12d4386 (webtiles) character file.

Game seed: 1816931399223793367, levelgen mode: deterministic

58 Kohma the Sneak (level 3, -3/16 HPs)
             Began as a Spriggan Enchanter on Oct 15, 2019.
             Slain by a bullfrog zombie (4 damage)
             ... on level 3 of the Dungeon.
             The game lasted 00:08:17 (2956 turns).

Kohma the Sneak (Spriggan Enchanter)                Turns: 2956, Time: 00:08:17

Health: -3/16      AC:  2    Str:  4    XL:     3   Next: 76%
Magic:  5/8        EV: 18    Int: 17    God:
Gold:   28         SH:  0    Dex: 16    Spells: 4/7 levels left

rFire    . . .     SeeInvis +   a - +1 dagger
rCold    . . .     Gourm    .   (shield restricted)
rNeg     . . .     Faith    .   b - +0 robe
rPois    .         Spirit   .   (helmet restricted)
rElec    .         Reflect  .   (no cloak)
rCorr    .         Harm     .   (gloves unavailable)
MR       .....                  (boots unavailable)
Stlth    +++.......             (no amulet)
HPRegen  0.05/turn              (no ring)
MPRegen  0.11/turn              (no ring)

@: very quick
A: very small, unfitting armour, see invisible, herbivore, speed 3, slow
metabolism 2
a: no special abilities


You were on level 3 of the Dungeon.
You were hungry.

You visited 1 branch of the dungeon, and saw 3 of its levels.

You collected 28 gold pieces.

Inventory:

Hand Weapons
 a - a +1 dagger (weapon)
Missiles
 c - 91 stones
 m - 14 poisoned darts (quivered)
Armour
 b - a +0 robe (worn)
Jewellery
 p - a cursed -2 ring of evasion {unknown}
 q - an uncursed amulet of regeneration {unknown}
Scrolls
 i - a scroll of amnesia {unknown}
 l - a scroll of remove curse {unknown}
 o - a scroll of blinking {unknown}
 s - a scroll of noise {unknown}
Potions
 e - a potion of brilliance {unknown}
 f - a potion of heal wounds {unknown}
 g - a potion of mutation {unknown}
 h - a potion of curing {unknown}
 j - a potion of haste {unknown}
 k - a potion of resistance {unknown}
 n - a potion of might {unknown}
 r - a potion of degeneration {unknown}
Comestibles
 d - 2 rations


   Skills:
 + Level 2.9 Short Blades
 - Level 3.0 Dodging
 + Level 6.0 Stealth
 - Level 2.6 Spellcasting
 - Level 3.6 Hexes


You had 4 spell levels left.
You knew the following spells:

 Your Spells              Type           Power        Failure   Level  Hunger
a - Corona                Hex            ##.....      4%          1    #......
b - Ensorcelled Hibernat  Hex/Ice        #.....       13%         2    ##.....

Your spell library contained the following spells:

 Spells                   Type           Power        Failure   Level  Hunger
 Confuse                  Hex            ##......     12%         3    ###....
 Tukima's Dance           Hex            ##......     12%         3    ###....
 Dazzling Spray           Conj/Hex       #.....       26%         3    ###....


Dungeon Overview and Level Annotations

Branches:
Dungeon (3/15)

Altars:
Dithmenos
Fedhas
Xom


Innate Abilities, Weirdness & Mutations

You are very small and have problems with some larger weapons.
You are too small for most types of armour.
You have supernaturally acute eyesight. (SInv)
You are a herbivore.
You cover ground extremely quickly.
You need to consume almost no food.


Message History

The bullfrog zombie misses you.
The bullfrog zombie completely misses you.
You hit the bullfrog zombie.
The bullfrog zombie is lightly damaged.
The bullfrog zombie hits you.
You barely miss the bullfrog zombie.
The bullfrog zombie is lightly damaged.
The bullfrog zombie misses you.
You hit the bullfrog zombie.
The bullfrog zombie is moderately damaged.
The bullfrog zombie hits you.
* * * LOW HITPOINT WARNING * * *
Casting: Ensorcelled Hibernation (safe; 13% risk of failure)
Confirm with . or Enter, or press ? or * to list all spells.
Aiming: Corona (safe; 4% risk of failure)
Press: ? - help, Shift-Dir - straight line, f - bullfrog zombie
Aim: a bullfrog zombie (moderately damaged, chance to defeat MR: 64%)
The bullfrog zombie barely resists.
The bullfrog zombie closely misses you. The bullfrog zombie hits you.
You die...

#.. . #.##.#
#....# #.#..#
###.#..#
......#
#######.#..#
#>.....)...##.#
#.#####@Z.)...#
###..####
#..... #..####
#..# #..# #..#
#..#


You could see a bullfrog zombie.

Vanquished Creatures
  2 oozes
  2 dart slugs (D:2)
  A leopard gecko (D:2)
  An orc (D:3)
  A ball python (D:1)
  4 giant cockroaches
  4 goblins (D:1)
  7 hobgoblins
  4 bats
  4 frilled lizards
  7 kobolds
  5 rats
42 creatures vanquished.

Notes
Turn   | Place    | Note
-------+----------+-------------------------------------------
     0 | D:1      | Kohma the Spriggan Enchanter began the quest for the Orb.
     0 | D:1      | Reached XP level 1. HP: 9/9 MP: 5/5
   647 | D:1      | Reached XP level 2. HP: 13/13 MP: 6/6
   690 | D:1      | Reached skill level 5 in Stealth
   694 | D:1      | Learned a level 2 spell: Ensorcelled Hibernation
  1064 | D:1      | Reached XP level 3. HP: 8/16 MP: 2/8
  2094 | D:2      | Found a blossoming altar of Fedhas.
  2513 | D:2      | Found a shimmering altar of Xom.
  2532 | D:2      | Found a shadowy altar of Dithmenos.
  2566 | D:2      | Reached skill level 6 in Stealth
  2956 | D:3      | Slain by a bullfrog zombie

Levels and vault maps discovered:
D:1:      sevenhm_arrival_forest_fort_large_4, layout_basic
D:2:      layout_basic, overflow_temple_1_default, minitemple
D:3:      layout_loops_ring, lemuel_coloured_pillars_altar, lemuel_round_altar,
          uniq_jessica

Skill      XL: |  1  2  3 |
---------------+----------+-----
Stealth        | 5 6 |  6.0
Short Blades   | 2 |  2.9
Dodging        | |  3.0
Spellcasting   | |  2.6
Hexes          | |  3.6

Action                   || total
-------------------------++-------
Melee: Dagger            ||   114
Throw: Stone             ||    13
 Cast: Corona            ||    10
       Ensorcelled Hiber ||    20
 Stab: Sleeping          ||    26
Armor: Robe              ||    13
Dodge: Dodged            ||    90

Table legend:
 A = Non-vault XP
 B = Vault XP
 C = Vault XP percentage of total XP
 D = Non-vault monster count
 E = Vault monster count
 F = Vault count percentage of total count
                 A         B        C        D         E       F
            +---------+---------+-------+---------+---------+-------
      Total |      84 |       0 |   0.0 |      42 |       0 |   0.0
            +---------+---------+-------+---------+---------+-------
        D:1 |      52 |       0 |   0.0 |      29 |       0 |   0.0
        D:2 |      28 |       0 |   0.0 |      11 |       0 |   0.0
        D:3 |       4 |       0 |   0.0 |       2 |       0 |   0.0
            +---------+---------+-------+---------+---------+-------
